 Dungeon Crawl Stone Soup version 0.26-a0-720-g2a1d101370 (webtiles) character file.

Game seed: 5169258333573208658

79 Flubber the Skirmisher (level 4, -1/42 HPs)
             Began as a Palentonga Delver on July 22, 2020.
             Slain by a hound (4 damage)
             ... on level 5 of the Dungeon on Nov 2, 2020.
             The game lasted 00:05:33 (291 turns).

Flubber the Skirmisher (Palentonga Delver)           Turns: 291, Time: 00:05:36

Health: -1/42      AC:  4    Str: 16    XL:     4   Next: 16%
Magic:  4/4        EV: 10    Int: 10    God:
Gold:   27         SH:  0    Dex: 18    Spells: 3/3 levels left

rFire    . . .     SeeInvis +   a - +0 falchion
rCold    . . .     Faith    .   (no shield)
rNeg     . . .     Spirit   .   b - +0 leather armour
rPois    .         Reflect  .   (no helmet)
rElec    .         Harm     .   (no cloak)
rCorr    .         Rampage  .   (no gloves)
MR       .....     Clarity  +   (no barding)
Stlth    ++........             (no amulet)
HPRegen  0.14/turn              i - +6 ring of dexterity
MPRegen  0.09/turn              (no ring)

@: lethally poisoned (-1 -> -6), hasted, very quick
A: large, stinger 1, rugged brown scales 3, see invisible, clarity, deformed
body, roll, armoured tail
a: Rolling Charge


You were on level 5 of the Dungeon.
You visited 1 branch of the dungeon, and saw 1 of its levels.

You collected 27 gold pieces.

Inventory:

Hand Weapons
 a - a +0 falchion (weapon)
Armour
 b - a +0 leather armour (worn)
Jewellery
 i - a +6 ring of dexterity (left hand)
Wands
 g - a wand of digging (3)
Scrolls
 c - a scroll of fog
 d - a scroll of magic mapping
 e - a scroll of fear
 h - a scroll of enchant weapon {unknown}


   Skills:
 * Level 3.9 Fighting
 * Level 3.2 Long Blades
 + Level 2.1 Dodging
 - Level 3.3 Stealth


You had 3 spell levels left.
You didn't know any spells.
Your spell library was empty.

Dungeon Overview and Level Annotations

Branches:
Dungeon (5/15)
 Temple: D:4-7

Altars:


Innate Abilities, Weirdness & Mutations

You are completely covered in rugged brown scales. (AC +3, +7% HP)
You have supernaturally acute eyesight. (SInv)
Armour fits poorly on your strangely shaped body.
You can roll at foes to attack.
You have a long armoured tail.
Your tail ends in a poisonous barb.
You possess an exceptional clarity of mind.


Message History

You feel sick. The hound bites you.
* * * LOW HITPOINT WARNING * * *
You see here a dart slug corpse.
You closely miss the hound.
You feel sick. The hound bites you.
* * * LOW HITPOINT WARNING * * *
It was a potion of mutation.
You feel extremely strange.
A poisonous barb forms on the end of your tail.
Your thoughts seem clearer.
* * * LOW HITPOINT WARNING * * *
You feel sick. The hound bites you but does no damage.
The hound completely misses you.
You feel yourself speed up. The hound bites you.
* * * LOW HITPOINT WARNING * * *
You closely miss the hound.
* * * LOW HITPOINT WARNING * * *
You feel sick. The hound closely misses you.
You riposte.
You hit the hound. You tail-slap the hound!
The hound is heavily wounded.
The hound bites you.
You die...

#.# #.# #.# #.##
##.##
#....##...######
#...........<
#.##So.##### .##
##h#######
#...##.@(.(....
##......#######
#.......#
.##.###.#######..
#. #..........
..#.###.#######.#
#...............#
..#####.#######.#
#.#


You could see a hound, an adder and an orc.

Vanquished Creatures
  A bullfrog skeleton (D:5)
  An orc wizard (D:5)
  A howler monkey zombie (D:5)
  A dart slug (D:5)
  A leopard gecko (D:5)
  3 orcs (D:5)
  A quokka (D:5)
9 creatures vanquished.

Notes
Turn   | Place    | Note
-------+----------+-------------------------------------------
     0 | D:5      | Flubber the Palentonga Delver began the quest for the Orb.
     0 | D:5      | Reached XP level 1. HP: 19/19 MP: 1/1
    10 | D:5      | Noticed an orc wizard
    15 | D:5      | Reached XP level 2. HP: 14/25 MP: 2/2
    70 | D:5      | Reached XP level 3. HP: 18/31 MP: 3/3
    91 | D:5      | Upgraded the game from 0.26-a0-393-g67388ea477 to
                  | 0.26-a0-720-g2a1d101370
   246 | D:5      | Reached XP level 4. HP: 26/42 MP: 4/4
   289 | D:5      | Gained mutation: Your tail ends in a poisonous barb.
                  | [potion of mutation]
   289 | D:5      | Gained mutation: You possess an exceptional clarity of
                  | mind. [potion of mutation]
   291 | D:5      | Slain by a hound

Illustrated notes

Levels and vault maps discovered:
D:5:      wander_guarded_unrand_ratskin, layout_loops_ring, lemuel_doored_altar,
          kennysheep_mini_moat, lemuel_crystal_altar,
          nicolae_gozag_zags_fifth_avenue

Skill      XL: |  1  2  3 |
---------------+----------+-----
Dodging        | 2 |  2.1
Long Blades    | 3 |  3.2
Fighting       | |  3.9
Stealth        | |  3.3

Action                   |  1- 3 |  4- 6 || total
-------------------------+-------+-------++-------
Melee: Falchion          |    26 |    12 ||    38
       Tailslap          |     3 |     2 ||     5
  Use: Potion            |       |     2 ||     2
 Stab: Sleeping          |     2 |     1 ||     3
Armor: Leather armour    |     6 |     8 ||    14
Dodge: Dodged            |     9 |    12 ||    21
       Rpst.: Falchion   |     3 |     2 ||     5

Table legend: (Time is in decaauts)
 A = Elapsed time spent in this place.
 B = Non-inter-level travel time spent in this place.
 C = Inter-level travel time spent in this place.
 D = Time resting spent in this place.
 E = Time spent auto-exploring this place.
 F = Levels seen in this place.
 G = Mean time per level.
                   A        B        C        D        E       F      G
               +--------+--------+--------+--------+--------+-----+--------+
         Total |    296 |    296 |      0 |      0 |    155 |   1 |  296.0 |
       Dungeon |    296 |    296 |      0 |      0 |    155 |   1 |  296.0 |
               +--------+--------+--------+--------+--------+-----+--------+

Top non-repeatable levels by time:
     D:5: 296 daAuts
